 Dungeon Crawl Stone Soup version 0.19-a0-470-ga918a2a (webtiles) character file.

102 Loup the Stinger (level 4, 0/24 HPs)
             Began as a Gargoyle Venom Mage on June 3, 2016.
             Shot with an arrow by a centaur (1 damage)
             ... on level 3 of the Dungeon.
             The game lasted 00:09:06 (2782 turns).

Loup the Stinger (Gargoyle Venom Mage)              Turns: 2782, Time: 00:09:07

Health: 0/24       AC:  6    Str: 11    XL:     4   Next: 77%
Magic:  5/7        EV: 12    Int: 20    God:
Gold:   193        SH:  0    Dex: 10    Spells: 2 memorised, 3 levels left

rFire  . . .     SeeInvis .     f - +0 club
rCold  . . .     Gourm    .     a - +0 robe
rNeg   + . .     Faith    .     (no shield)
rPois  ∞         Spirit   .     n - +0 helmet (curse)
rElec  +         Dismiss  .     (no cloak)
rCorr  .         Reflect  .     (no gloves)
SustAt .         Harm     .     (no boots)
MR     .....                    (no amulet)
Stlth  ++........               (no ring)
                                v - +3 ring of intelligence

@: not resistant to hostile enchantments, unstealthy
A: negative energy resistance 1, electricity resistance, unbreathing,
petrification resistance, rot immunity, AC +3
a: no special abilities


You were on level 3 of the Dungeon.
You were very hungry.

You visited 1 branch of the dungeon, and saw 3 of its levels.

You collected 193 gold pieces.

Inventory:

Hand Weapons
 f - a +0 club (weapon)
Missiles
 e - 65 stones (quivered)
Armour
 a - a +0 robe (worn)
 n - a cursed +0 helmet (worn)
 p - a +1 helmet
Jewellery
 v - a +3 ring of intelligence (left hand)
Scrolls
 g - a scroll of fear
 k - 2 scrolls of enchant weapon
 m - 2 scrolls of teleportation {unknown}
 s - a scroll of noise {unknown}
Potions
 d - a potion of haste {unknown}
 h - a potion of flight
 i - a potion of magic {unknown}
 l - a potion of heal wounds {unknown}
 o - 3 potions of curing
 q - a potion of lignification
 u - a potion of mutation {unknown}
Books
 b - a Young Poisoner's Handbook

   Spells                             Type                      Level
   a - Sting                          Conjuration/Poison           1
   b - Cure Poison                    Poison                       2
   c - Mephitic Cloud                 Conjuration/Poison/Air       3
   d - Olgreb's Toxic Radiance        Poison                       4
   e - Venom Bolt                     Conjuration/Poison           5
 t - a book of Maledictions

   Spells                             Type                      Level
   a - Corona                         Hexes                        1
   b - Ensorcelled Hibernation        Hexes/Ice                    2
   c - Confuse                        Hexes                        3
   d - Tukima's Dance                 Hexes                        3
   e - Dazzling Spray                 Conjuration/Hexes            3
Comestibles
 c - 4 bread rations
 r - a royal jelly


   Skills:
 - Level 1.5 Dodging
 - Level 2.1 Stealth
 - Level 2.0 Spellcasting
 + Level 3.3 Conjurations
 + Level 4.9 Poison Magic


You had 3 spell levels left.
You knew the following spells:

 Your Spells              Type           Power        Failure   Level  Hunger
a - Sting                 Conj/Pois      ###.         2%          1    #......
b - Mephitic Cloud        Conj/Pois/Air  ##......     17%         3    ###....


Dungeon Overview and Level Annotations

Branches:
Dungeon (3/15)

Altars:
Ashenzari
Makhleb
Okawaru
Qazlal
Vehumet
Zin
The Shining One


Innate Abilities, Weirdness & Mutations

You are resistant to torment.
Your stone body is resilient. (AC +3)
You are immune to poison.
You resist negative energy. (rN+)
You are resistant to electric shocks. (rElec)
You can survive without breathing.
You are immune to petrification.
You are immune to rotting.


Message History

Aim: a centaur The sting hits the centaur.
The centaur is poisoned.
The centaur is lightly wounded.
The centaur wields a glowing shortbow.
It is covered in frost.
The centaur shoots an arrow.
The arrow hits you! The arrow freezes you.
Casting: Sting
Confirm with . or Enter, or press ? or * to list all spells.
Aiming: Sting
Press: ? - help, Shift-Dir - straight line, f/p - centaur
Aim: a centaur, wielding a shortbow of freezing (lightly wounded, poisoned)
The sting hits the centaur.
The centaur is moderately wounded.
The centaur shoots an arrow.
The arrow hits you!
* * * LOW HITPOINT WARNING * * *
The arrow freezes you.
* * * LOW HITPOINT WARNING * * *
The centaur shoots an arrow.
The arrow hits you.
* * * LOW HITPOINT WARNING * * *
The arrow freezes you.
You die...

#.#### #.......# #.).# .....#
#.......# #...# .....# #.......#
#...# .....#
###.#########≈.≈######### .....#
#.'.......≈≈.≈≈.......# .....#
#.'.........♣.........# ..####
#.'.......≈≈.≈≈.......#
..###################≈.≈#########
................@...#...#
#################...#...#
...#...# c(.#...# ...#...#
...#...# ..[#.[.# ...#####


You could see a centaur.

Vanquished Creatures
  3 adders
  An ooze (D:1)
  A worm (D:2)
  4 dart slugs
  4 giant geckos
  An orc (D:3)
  A ball python (D:3)
  7 bats
  2 giant cockroaches (D:1)
  8 goblins
  5 hobgoblins
  3 giant newts (D:1)
  7 kobolds
  9 rats
56 creatures vanquished.

Notes
Turn   | Place    | Note
--------------------------------------------------------------
     0 | D:1      | Loup the Gargoyle Venom Mage began the quest for the Orb.
     0 | D:1      | Reached XP level 1. HP: 10/10 MP: 3/3
   246 | D:1      | Reached skill level 1 in Conjurations
   246 | D:1      | Reached XP level 2. HP: 8/15 MP: 0/5
   970 | D:1      | Reached XP level 3. HP: 19/19 MP: 2/6
  1664 | D:2      | Learned a level 3 spell: Mephitic Cloud
  1729 | D:2      | Reached XP level 4. HP: 24/24 MP: 4/7
  2429 | D:3      | Found a glowing silver altar of Zin.
  2431 | D:3      | Found a shattered altar of Ashenzari.
  2433 | D:3      | Found a glowing golden altar of the Shining One.
  2433 | D:3      | Found a burning altar of Makhleb.
  2434 | D:3      | Found a stormy altar of Qazlal.
  2434 | D:3      | Found an iron altar of Okawaru.
  2434 | D:3      | Found a radiant altar of Vehumet.
  2780 | D:3      | Noticed a centaur
  2782 | D:3      | HP: 1/24 [centaur/arrow (1)]
  2782 | D:3      | Shot with an arrow by a centaur

Vault maps used:
D:1:      minmay_arrival_shoal_huts, minmay_misc_feat_rows,
          minmay_misc_feat_square, minmay_tree_intersection
D:2:      minmay_cupped
D:3:      grunt_temple_overflow_open, first_bread, kennysheep_cross_bottleneck

Skill      XL: |  1  2  3  4 |
---------------+-------------+-----
Conjurations   | 1 2 3 |  3.3
Dodging        | |  1.5
Stealth        | |  2.1
Spellcasting   | |  2.0
Poison Magic   | |  4.9

Action                   |  1- 3 |  4- 6 || total
-------------------------+-------+-------++-------
Melee: Unarmed           |    28 |       ||    28
       Club              |    41 |    14 ||    55
 Cast: Sting             |    62 |    29 ||    91
  Use: Scroll            |       |     5 ||     5
 Stab: Sleeping          |     1 |     1 ||     2
  Eat: Chunk             |     4 |     2 ||     6
Armor: Robe              |    24 |    12 ||    36
Dodge: Dodged            |    49 |    21 ||    70
